 Dungeon Crawl Stone Soup version 0.22-a0-469-gf26638a71f (webtiles) character file.

141 Faustar the Chopper (level 5, -1/69 HPs)
             Began as a Deep Dwarf Monk on June 12, 2018.
             Slain by schwarznadel's ghost (7 damage)
             ... on level 3 of the Dungeon.
             The game lasted 00:03:18 (2227 turns).

Faustar the Chopper (Deep Dwarf Monk)               Turns: 2227, Time: 00:03:19

Health: -1/69      AC: 22    Str: 14 (16) XL:     5   Next: 3%
Magic:  5/5        EV:  2    Int:  9 (10) God:
Gold:   106        SH:  0    Dex: 17 (20) Spells: 4/4 levels left

rFire    . . .     SeeInvis .   a - +0 hand axe
rCold    . . .     Gourm    .   (no shield)
rNeg     + + +     Faith    .   (armour currently unavailable)
rPois    +         Spirit   .   (helmet currently unavailable)
rElec    .         Reflect  .   (cloak currently unavailable)
rCorr    .         Harm     .   (gloves currently unavailable)
MR       .....     NoTele   +   (boots currently unavailable)
Stlth    ++........             i - amulet of regeneration (curse)
HPRegen  0.00/turn              (no ring)
MPRegen  0.09/turn              (no ring)

@: confused, agile, tree-form, non-regenerating, heavily drained
A: damage resistance, heal wounds, sense surroundings 1, no regeneration
a: Heal Wounds


You were on level 3 of the Dungeon.
You were hungry.
You were a tree.
You visited 1 branch of the dungeon, and saw 3 of its levels.

You collected 106 gold pieces.

Inventory:

Hand Weapons
 a - a +0 hand axe (weapon)
 m - a +2 vampiric hand axe
Armour
 b - a +0 robe (melded)
 p - a +1 helmet of see invisible (melded)
Jewellery
 i - a cursed amulet of regeneration (around neck)
Scrolls
 e - a scroll of fear {unknown}
 f - 7 scrolls of identify {unknown}
 g - 2 scrolls of amnesia {unknown}
 h - 3 scrolls of remove curse {unknown}
 j - 2 scrolls of teleportation {unknown}
 l - a scroll of blinking {unknown}
Comestibles
 c - 6 rations


   Skills:
 - Level 2.6(0.3) Fighting
 + Level 6.3(3.7) Axes
 - Level 3.2(0.9) Dodging
 - Level 2.4(0.1) Stealth


You had 4 spell levels left.
You didn't know any spells.
Your spell library was empty.

Dungeon Overview and Level Annotations

Branches:
Dungeon (3/15)

Altars:
Elyvilon
Trog

Annotations:
D:3 Ijyb; schwarznadel's ghost, amateur MiFi


Innate Abilities, Weirdness & Mutations

You are resistant to damage.
You can heal yourself by infusing magical energy.
You passively map a small area around you.
You do not regenerate.


Message History

Your will is overpowered!
You are confused.
Schwarznadel's ghost hits you.
* * * LOW HITPOINT WARNING * * *
You barely miss Ijyb.
Ijyb is lightly wounded.
You hit schwarznadel's ghost. Ijyb hits you but does no damage.
Schwarznadel's ghost hits you but does no damage.
Ijyb hits you but does no damage.
You barely miss schwarznadel's ghost. You hit Ijyb but do no damage.
Schwarznadel's ghost hits you. Ijyb hits you but does no damage.
You hit schwarznadel's ghost but do no damage.
You miss Ijyb. Schwarznadel's ghost hits you!
* * * LOW HITPOINT WARNING * * *
Ijyb zaps a wand.
Your will is overpowered!
You are more confused.
You hit schwarznadel's ghost but do no damage.
You hit Ijyb but do no damage. Schwarznadel's ghost stares at you.
Schwarznadel's ghost hits you!
You die...

, , ...........
,,.........# * *
,,##........## ,,
*#..........#
*#?.†(......# ,
#..........# * *
#..........# ,*
#.gW.......#
#.♣.......# ** * *
####.....## , ,, , , ,
#....## * ,* ,##.### ,
, , #..# * #.#####..# ,
,, , #.....'..##
##################...##
......................#


You could see Ijyb and schwarznadel's ghost.

Vanquished Creatures
  Terence (D:2)
  Robin (D:2)
  4 adders
  An ooze (D:1)
  A worm (D:2)
  A dart slug (D:2)
  2 leopard geckos
  2 giant cockroaches (D:3)
  13 goblins
  8 hobgoblins
  3 jackals (D:2)
  A quokka (D:2)
  7 bats
  6 frilled lizards
  3 kobolds
  3 rats
57 creatures vanquished.

Notes
Turn   | Place    | Note
-------+----------+-------------------------------------------
     0 | D:1      | Faustar the Deep Dwarf Monk began the quest for the Orb.
     0 | D:1      | Reached XP level 1. HP: 20/20 MP: 1/1
   205 | D:1      | Reached skill level 4 in Axes
   205 | D:1      | Reached XP level 2. HP: 18/27 MP: 2/2
   793 | D:2      | Reached XP level 3. HP: 13/33 MP: 3/3
  1079 | D:2      | Reached skill level 5 in Axes
  1220 | D:2      | Found a white marble altar of Elyvilon.
  1322 | D:2      | Found a bloodstained altar of Trog.
  1467 | D:2      | Reached XP level 4. HP: 28/40 MP: 4/4
  1563 | D:2      | Noticed Terence
  1567 | D:2      | Noticed Robin
  1601 | D:2      | Killed Robin
  1609 | D:2      | Killed Terence
  1609 | D:2      | Reached skill level 6 in Axes
  2095 | D:3      | Reached XP level 5. HP: 22/46 MP: 5/5
  2104 | D:3      | Noticed schwarznadel's ghost (amateur MiFi)
  2185 | D:3      | Noticed Ijyb
  2227 | D:3      | Slain by schwarznadel's ghost

Vault maps used:
D:1:      zelgadis_glass_arrival_small, minmay_misc_feat_doors
D:2:      wad_lake_hut, lightli_temple_of_fire, overflow_temple_1_default,
          first_ration, uniq_robin, uniq_terence
D:3:      grunt_decor_fettered, minmay_misc_feat_ornament,
          grunt_decor_arrowhead, roderic_serpentine_path,
          kennysheep_generic_room_13, uniq_ijyb

Skill      XL: |  1  2  3  4 |
---------------+-------------+-----
Axes           | 4 5 6 |  6.3
Fighting       | |  2.6
Dodging        | |  3.2
Stealth        | |  2.4

Action                   |  1- 3 |  4- 6 || total
-------------------------+-------+-------++-------
Melee: Hand axe          |   105 |   104 ||   209
 Abil: Heal Wounds       |     1 |     1 ||     2
  Use: Potion            |       |     4 ||     4
 Stab: Sleeping          |     9 |       ||     9
  Eat: Chunk             |     1 |     3 ||     4
Armor: Robe              |    25 |    17 ||    42
       Skin              |       |    15 ||    15
Dodge: Dodged            |    79 |    67 ||   146

Table legend:
 A = Spawn XP
 B = Non-spawn XP
 C = Spawn XP percentage of total XP
 D = Spawn monster count
 E = Non-spawn monster count
 F = Spawn count percentage of total count
 G = Total turns spent on level
                    A         B        C        D         E        F      G
               +---------+---------+-------+---------+---------+-------+---------
         Total |       0 |     202 |   0.0 |       0 |      57 |   0.0 |  2227
               +---------+---------+-------+---------+---------+-------+---------
           D:1 |       0 |      34 |   0.0 |       0 |      18 |   0.0 |   785
           D:2 |       0 |     151 |   0.0 |       0 |      36 |   0.0 |  1311
           D:3 |       0 |      17 |   0.0 |       0 |       3 |   0.0 |   131
               +---------+---------+-------+---------+---------+-------+---------
